AoeStats
← DoctorDubbz

African Clearing

510680686Analyzed
4v4 RM · 2d ago on Oct 2, 2026· 54m 3s· 8 players
Game mode
Random Map
Map size
Large (8 player)
Population
200
Speed
Normal
Resources
Standard
Victory
Conquest
Starting age
Dark Age
Ending age
Imperial Age
RankedLock teamsTeams togetherTeam positionsShared explorationLock speedFull tech treeHidden civsTurbo modeCheats
Victory
Defeat
🇲🇽 Magyars · Mexico
1658
+9
🇲🇽 Varangians · Mexico
1494
+15
🇦🇷 Mapuche · Argentina
1293
+23
🇨🇴 Persians · Colombia
1272
+24
🇺🇸 Vietnamese · United States
1489
-19
🇹🇼 Huns · Taiwan
1480
-18
🇨🇳 Chinese · China
1465
-18
🇺🇸 Mongols · United States
1427
-16
b09581270
8:10 Loom
12:34 Feudal Age
13:12 Double-Bit Axe
19:18 Castle Age
19:03 Scale Barding Armor
19:08 Forging
19:26 Gold Mining
20:08 Bloodlines
20:45 Wheelbarrow
26:06 Bow Saw
26:35 Stone Mining
26:29 Horse Collar
32:59 Fervor
35:59 Imperial Age
33:58 Hand Cart
33:54 Heavy Plow
34:32 Masonry
34:10 Town Watch
35:05 Ballistics
35:37 Gold Shaft Mining
36:03 Chain Barding Armor
36:32 Cavalier
37:22 Fletching
37:32 Padded Archer Armor
38:38 Chemistry
38:36 Bodkin Arrow
39:22 Bracer
39:02 Heavy Cavalry Archer
40:25 Leather Archer Armor
40:23 Scale Mail Armor
40:34 Husbandry
41:04 Parthian Tactics
42:01 Two-Man Saw
40:46 Light Cavalry
41:19 Pikeman
42:15 Chain Mail Armor
42:50 Iron Casting
42:45 Squires
42:10 Halberdier
42:36 Arson
42:17 Halberdier
45:21 Blast Furnace
儒门_重农抑商
2:51 Loom
12:03 Feudal Age
12:59 Town Watch
16:17 Castle Age
14:58 Double-Bit Axe
15:40 Horse Collar
18:32 Bow Saw
22:37 Fletching
24:00 Ballistics
23:42 Padded Archer Armor
25:09 Wheelbarrow
25:05 Bodkin Arrow
32:00 Hand Cart
31:51 Gold Mining
35:10 Imperial Age
33:34 Leather Archer Armor
34:17 Elite Skirmisher
35:43 Coinage
35:55 Bracer
36:48 Ring Archer Armor
37:48 Stone Mining
38:51 Banking
38:04 Imperial Skirmisher
38:51 Crossbowman
39:36 Thumb Ring
41:05 Chemistry
41:52 Two-Man Saw
40:53 Scale Mail Armor
41:03 Forging
40:18 Pikeman
40:58 Squires
41:17 Masonry
41:37 Conscription
42:58 Chain Mail Armor
43:18 Iron Casting
42:51 Halberdier
44:15 Plate Mail Armor
43:41 Arrowslits
45:58 Heavy Plow
47:01 Blast Furnace
48:10 Gold Shaft Mining
48:10 Stone Shaft Mining
47:19 Elite Fire Lancer
48:52 Arson
DoctorDubbz
4:31 Loom
11:24 Feudal Age
11:49 Double-Bit Axe
13:00 Wheelbarrow
16:01 Forging
21:55 Castle Age
20:26 Fletching
25:04 Town Watch
29:11 Horse Collar
30:07 Heavy Plow
31:17 Hand Cart
33:06 Stone Mining
33:09 Gold Mining
33:56 Ballistics
34:17 Bodkin Arrow
34:23 Padded Archer Armor
34:40 Husbandry
34:52 Bloodlines
38:04 Leather Archer Armor
41:17 Imperial Age
40:57 Thumb Ring
41:19 Elite Mangudai
42:10 Bracer
42:34 Conscription
42:54 Hoardings
42:52 Parthian Tactics
42:48 Town Patrol
44:36 Drill
46:26 Iron Casting
46:00 Scale Barding Armor
machpatel
9:54 Loom
12:22 Feudal Age
12:24 Man-at-Arms
18:36 Fletching
26:33 Castle Age
27:42 Elite Skirmisher
33:17 Wheelbarrow
33:27 Crossbowman
34:00 Double-Bit Axe
33:56 Horse Collar
40:31 Ballistics
43:18 Heavy Plow
43:28 Bow Saw
43:30 Scale Mail Armor
45:02 Hand Cart
49:08 Imperial Age
49:16 Imperial Age
47:02 Squires
47:19 Chain Mail Armor
47:14 Forging
47:37 Thumb Ring
47:59 Bodkin Arrow
47:54 Pikeman
49:47 Iron Casting
50:43 Plate Mail Armor
50:33 Bracer
50:04 Halberdier
VL Marcelsanz
6:03 Loom
13:11 Feudal Age
14:03 Double-Bit Axe
17:00 Castle Age
17:51 Bow Saw
22:32 Town Watch
24:20 Wheelbarrow
23:47 Horse Collar
26:15 Hand Cart
30:28 Fletching
31:59 Bloodlines
32:34 Heavy Plow
38:09 Imperial Age
35:48 Scale Barding Armor
35:53 Forging
37:04 Husbandry
37:18 Gold Mining
37:21 Stone Mining
40:26 Imperial Age
38:48 Chain Barding Armor
38:49 Masonry
40:33 Cavalier
42:29 Architecture
42:41 Plate Barding Armor
43:09 Iron Casting
42:06 Vendel Legacy
44:07 Conscription
45:48 Chemistry
48:38 Blast Furnace
49:03 Siege Engineers
51:30 Ballistics
51:50 Bodkin Arrow
54:43 Bracer
César UAM
9:30 Loom
11:59 Feudal Age
12:42 Double-Bit Axe
26:37 Wheelbarrow
31:52 Castle Age
31:37 Scale Barding Armor
42:10 Hand Cart
43:14 Fletching
44:40 Bodkin Arrow
47:32 Gold Mining
49:08 Chain Barding Armor
49:04 Horse Collar
54:45 Imperial Age
54:09 Thumb Ring
54:22 Bloodlines
54:13 Husbandry
CTM | SUNYQ
12:03 Feudal Age
12:20 Loom
16:00 Castle Age
14:26 Double-Bit Axe
24:14 Bow Saw
23:55 Gold Mining
23:51 Horse Collar
25:28 Pikeman
28:05 Wheelbarrow
27:16 Town Watch
27:42 Squires
27:29 Elite Skirmisher
29:00 Stone Mining
30:34 Gold Shaft Mining
30:34 Stone Shaft Mining
32:07 Scale Mail Armor
32:17 Forging
35:29 Imperial Age
33:23 Chain Mail Armor
33:58 Hand Cart
35:10 Town Patrol
36:06 Iron Casting
35:36 Scale Barding Armor
35:56 Halberdier
36:12 Cavalier
37:02 Bloodlines
36:52 Husbandry
38:21 Blast Furnace
37:41 Chain Barding Armor
39:31 Two-Man Saw
41:08 Plate Barding Armor
41:09 Conscription
41:12 Savar
44:13 Chemistry
46:44 Light Cavalry
47:34 Hussar
CTM | Severo24cm
3:16 Loom
12:24 Feudal Age
17:53 Castle Age
15:46 Double-Bit Axe
15:59 Gold Mining
18:49 Fletching
18:59 Padded Archer Armor
19:51 Bow Saw
22:03 Horse Collar
24:32 Bodkin Arrow
27:29 Treadmill Crane
29:21 Ballistics
28:58 Stone Mining
31:47 Heavy Plow
34:09 Leather Archer Armor
34:43 Malon
41:57 Imperial Age
40:46 Wheelbarrow
39:57 Town Watch
41:36 Gold Shaft Mining
42:51 Butalmapu
43:07 Conscription
42:37 Elite Bolas Rider
45:13 Chemistry
44:55 Ring Archer Armor
47:28 Champi Runner
47:28 Pikeman
47:54 Arson
48:12 Scale Mail Armor
48:22 Forging
49:13 Capped Ram
49:18 Champi Warrior
50:08 Elite Skirmisher
51:30 Chain Mail Armor
51:51 Iron Casting
51:39 Elite Champi Warrior
52:56 Hoardings
53:03 Plate Mail Armor
53:08 Iron Casting
54:11 Iron Casting
53:45 Siege Engineers
53:50 Masonry
Connection lost

Rejoining the realm…

Still unreachable

The connection could not be restored.

Session expired

The server has moved on; the page needs a fresh start.